 Dungeon Crawl Stone Soup version 0.30-a0-591-g3c58d2bc28 (webtiles) character file.

Game seed: 4101970407839629828

581 Oxelix the Cleaver (level 7, 0/57 HPs)
             Began as a Minotaur Berserker on Jan 6, 2023.
             Was a Priest of Trog.
             Slain by an orc wizard
             ... wielding a +0 dagger
              (4 damage)
             ... on level 4 of the Dungeon.
             The game lasted 00:05:02 (3308 turns).

Oxelix the Cleaver (Minotaur Berserker)             Turns: 3308, Time: 00:05:03

Health: 0/57       AC:  7    Str: 29    XL:     7   Next: 13%
Magic:  6/6        EV: 10    Int:  4    God:    Trog [***...]
Gold:   286        SH:  5    Dex: 10    Spells: 6/6 levels left

rFire   . . .      SeeInvis .    a - +0 hand axe
rCold   . . .      Faith    .    (no shield)
rNeg    . . .      Spirit   .    l - +0 scale mail
rPois   .          Reflect  +    (helmet restricted)
rElec   .          Harm     .    x - +0 cloak
rCorr   .          Rampage  .    (no gloves)
Will    .....                    (no boots) Stlth
                                 z - amulet of reflection
HPRegen 0.29/turn                y - +6 ring of strength
MPRegen 0.10/turn                (no ring)

@: on berserk cooldown, slowed, very slow
A: horns 2, retaliatory headbutt
a: Renounce Religion, Berserk, Trog's Hand


You were on level 4 of the Dungeon.
You worshipped Trog.
Trog was most pleased with you.
You visited 1 branch of the dungeon, and saw 4 of its levels.
You also visited: Sewer.

You collected 286 gold pieces.

Inventory:

Hand Weapons
 a - a +0 hand axe (weapon)
Missiles
 c - a throwing net
 u - 23 poisoned darts (quivered)
Armour
 f - a +1 robe
 l - a +0 scale mail (worn)
 x - a +0 cloak (worn)
Jewellery
 y - a +6 ring of strength (left hand)
 z - an amulet of reflection (around neck)
Wands
 w - a wand of polymorph (8)
Scrolls
 d - 3 scrolls of noise {unknown}
 g - 2 scrolls of poison {unknown}
 h - a scroll of torment {unknown}
 k - 5 scrolls of identify {unknown}
 m - a scroll of teleportation {unknown}
 p - a scroll of summoning {unknown}
 q - 2 scrolls of fog {unknown}
 r - 3 scrolls of magic mapping {unknown}
 s - 2 scrolls of fear {unknown}
 t - a scroll of amnesia {unknown}
 v - a scroll of silence {unknown}
Potions
 b - 2 potions of berserk rage {unknown}
 e - 2 potions of flight {unknown}
 i - 2 potions of cancellation {unknown}
 j - 3 potions of curing {unknown}
 n - a potion of mutation {unknown}
 o - a potion of resistance {unknown}


   Skills:
 - Level 3.6 Fighting
 * Level 9.9 Axes
 - Level 2.4 Armour
 - Level 2.1 Dodging


You had 6 spell levels left.
You didn't know any spells.
Your spell library was empty.

Dungeon Overview and Level Annotations

Branches:
Dungeon (4/15)              Sewer (visited)
 Temple: D:4-7

Altars:
Sif Muna
Wu Jian
The Shining One


Innate Abilities, Weirdness & Mutations

You have a pair of horns on your head.
You reflexively headbutt those who attack you in melee.


Message History

* * * LOW HITPOINT WARNING * * *
You bump into the rock wall.
You feel less confused. Something hits you but does no damage.
Something hits you.
* * * LOW HITPOINT WARNING * * *
You barely miss something. Your headbutt misses something.
You hear some strange, mumbled words.
You are confused.
Okay, then.
You bump into the rock wall.
You hear some strange, mumbled words.
Something tries to affect you, but you resist.
Something hits you but does no damage. x2
Things that are here:
a +0 club; a +0 scale mail You hear some strange, mumbled words.
You are more confused.
You hit something. Your headbutt misses something.
Something hits you but does no damage. x2
You hit something but do no damage. Your headbutt misses something.
You hear some strange, mumbled words.
A puff of flame appears from out of thin air!
The puff of flame hits you.
* * * LOW HITPOINT WARNING * * *
Something hits you but does no damage.
Things that are here:
a +0 club; a +0 scale mail An orc wizard appears from thin air!
Reactivating autopickup.
The orc wizard hits you with a +0 dagger.
* * * LOW HITPOINT WARNING * * *
The orc wizard barely misses you.
You bump into the rock wall.
You feel less confused.
The orc wizard hits you with a +0 dagger.
* * * LOW HITPOINT WARNING * * *
You barely miss the orc wizard.
The orc wizard is almost dead.
The orc wizard hits you with a +0 dagger.
You die...

.########.#.. .#
#.#.# ##'#o
#.#.##### .....
#.......#......
###.###.#.....
#.......#
#.......#
##########......!#
.........@.=)..#.#
........o)..)..#.#
..........)....# #
##########'###.#
#..# #.# #.## #.#
#. .# #. #.


You could see an orc wizard.

Vanquished Creatures
  A phantom (D:4)
  2 kobold brigands (Sewer)
  An iguana (D:4)
  Jessica (D:2)
  Natasha (thrice) (D:2)
  An orc wizard (D:4)
  3 gnolls (D:2)
  A river rat (Sewer)
  9 adders
  3 worms
  A dart slug (D:3)
  7 orcs
  9 ball pythons
  9 endoplasms
  4 giant cockroaches
  5 goblins
  2 hobgoblins
  12 kobolds
  3 quokkas (D:1)
  5 bats
  3 frilled lizards
  5 rats
90 creatures vanquished.

Notes
Turn   | Place    | Note
-------+----------+-------------------------------------------
     0 | D:1      | Oxelix the Minotaur Berserker began the quest for the Orb.
     0 | D:1      | Reached XP level 1. HP: 19/19 MP: 0/0
    72 | D:1      | You fall into a shaft and drop 1 floor!
    93 | D:2      | Reached skill level 4 in Axes
   112 | D:2      | Reached XP level 2. HP: 26/26 MP: 1/1
   115 | D:2      | Reached skill level 5 in Axes
   116 | D:2      | Reached XP level 3. HP: 31/31 MP: 2/2
   230 | D:2      | Noticed Jessica
   241 | D:2      | Killed Jessica
   252 | D:2      | Reached XP level 4. HP: 39/39 MP: 3/3
   302 | D:2      | Reached skill level 6 in Axes
   303 | D:2      | Noticed Natasha
   309 | D:2      | Killed Natasha
   834 | D:1      | Reached ** piety under Trog
  1229 | D:2      | Noticed Natasha
  1235 | D:2      | Killed Natasha
  1236 | D:2      | Reached skill level 7 in Axes
  1236 | D:2      | Reached XP level 5. HP: 44/45 MP: 4/4
  1325 | D:2      | Found a shimmering blue altar of Sif Muna.
  1381 | D:2      | Noticed Natasha
  1386 | D:2      | Killed Natasha
  1505 | D:2      | Found a faded altar of an unknown god.
  1974 | D:3      | Found a glowing golden altar of the Shining One.
  2320 | D:4      | Found a glowing drain.
  2325 | D:4      | Noticed a phantom
  2335 | D:4      | Killed a phantom
  2336 | D:4      | Reached skill level 8 in Axes
  2336 | D:4      | Reached XP level 6. HP: 51/51 MP: 5/5
  2379 | Sewer    | Entered a sewer
  2390 | Sewer    | Reached *** piety under Trog
  2482 | Sewer    | Reached skill level 9 in Axes
  2818 | Sewer    | Reached XP level 7. HP: 57/57 MP: 6/6
  3087 | D:4      | Found an ornate altar of the Wu Jian Council.
  3308 | D:4      | Slain by an orc wizard

Illustrated notes

Levels and vault maps discovered:
D:1:      ncdulo_lavacross, layout_loops_corners, serial_rivers,
          chequers_serial_rivers_marsh, chequers_serial_rivers_micro_c,
          chequers_serial_rivers_micro_c, chequers_serial_rivers_room_b
D:2:      layout_basic, dilly_ecumenical_altar_fadedgnrine, basic_altar,
          guppyfry_early_lair_pool, uniq_natasha, uniq_jessica
D:3:      layout_loops_cross, nicolae_tso_swordbearing_angel, solitary_fountain,
          minmay_pentangle
D:4:      layout_basic, nicolae_overflow_two_pavilions,
          nicolae_wu_jian_wuxing_cycle, mainiacjoe_overflow_alcove_1,
          serial_shops, kennysheep_little_box, gup_sewer_entry_glass

Skill      XL: |  1  2  3  4  5  6 |
---------------+-------------------+-----
Axes           | 4 5 7 8 9 |  9.9
Fighting       | |  3.6
Armour         | |  2.4
Dodging        | |  2.1

Action                   |  1- 3 |  4- 6 |  7- 9 || total
-------------------------+-------+-------+-------++-------
Melee: Hand axe          |    22 |   192 |    40 ||   254
       Headbutt          |     5 |    25 |     5 ||    35
       Punch             |     1 |     1 |       ||     2
Throw: Dart              |       |     2 |       ||     2
Invok: Berserk           |     2 |     2 |     1 ||     5
Armor: Animal skin       |     1 |       |       ||     1
       Scale mail        |       |    58 |    17 ||    75
Dodge: Dodged            |    13 |    86 |    10 ||   109
Block: Other             |       |       |     1 ||     1

Table legend: (Time is in decaauts)
 A = Elapsed time spent in this place.
 B = Non-inter-level travel time spent in this place.
 C = Inter-level travel time spent in this place.
 D = Time resting spent in this place.
 E = Time spent auto-exploring this place.
 F = Levels seen in this place.
 G = Mean time per level.
                   A        B        C        D        E       F      G
               +--------+--------+--------+--------+--------+-----+--------+
         Total |   3413 |   3342 |     71 |    396 |   2012 |   5 |  682.6 |
       Dungeon |   2777 |   2706 |     71 |    187 |   1873 |   4 |  694.2 |
         Sewer |    636 |    636 |      0 |    209 |    139 |   1 |  636.0 |
               +--------+--------+--------+--------+--------+-----+--------+

Top non-repeatable levels by time:
     D:1: 851 daAuts
     D:2: 744 daAuts
     D:3: 740 daAuts
   Sewer: 636 daAuts
     D:4: 441 daAuts
